 Dungeon Crawl Stone Soup version 0.27-a0-489-g24c7b1a3ef (webtiles) character file.

Game seed: 10730513319436831111

35 jasper the Ruffian (level 3, -3/21 HPs)
             Began as a Gargoyle Transmuter on Mar 1, 2021.
             Killed from afar by Terence (5 damage)
             ... with a puff of flame
             ... on level 2 of the Dungeon.
             The game lasted 00:02:13 (1786 turns).

jasper the Ruffian (Gargoyle Transmuter)            Turns: 1786, Time: 00:02:13

Health: -3/21      AC:  6    Str: 13    XL:     3   Next: 33%
Magic:  6/6        EV: 12    Int: 14    God:
Gold:   6          SH:  0    Dex: 10    Spells: 5/6 levels left

rFire    . . .     SeeInvis .     - Unarmed
rCold    . . .     Faith    .   (no shield)
rNeg     + . .     Spirit   .   a - +1 robe
rPois    ∞         Reflect  .   (helmet currently unavailable)
rElec    +         Harm     .   (no cloak)
rCorr    .         Rampage  .   (no gloves)
Will     .....                  (boots currently unavailable)
Stlth    +.........             (no amulet)
HPRegen  0.07/turn              (no ring)
MPRegen  0.10/turn              (no ring)

@: appendages (expiring), attractive
A: horns 2, talons 2, negative energy resistance 1, electricity resistance,
unbreathing, petrification resistance, miasma immunity, AC +3
a: End Transformation


You were on level 2 of the Dungeon.
You had grown temporary horns.
You had grown temporary talons.
You visited 1 branch of the dungeon, and saw 2 of its levels.

You collected 6 gold pieces.

Inventory:

Missiles
 d - 92 stones
Armour
 a - a +1 robe (worn)
Scrolls
 e - a scroll of amnesia
 h - a scroll of fear {unknown}


   Skills:
 + Level 1.9 Fighting
 + Level 2.0 Dodging
 * Level 3.7 Unarmed Combat
 - Level 2.0 Spellcasting
 - Level 1.5 Transmutations


You had 5 spell levels left.
You knew the following spells:

 Your Spells              Type           Power        Failure   Level
a - Beastly Appendage     Tmut           10%          13%         1

Your spell library contained the following spells:

 Spells                   Type           Power        Failure   Level
 Wereblood                Tmut           5%           19%         2
 Spider Form              Tmut/Pois      1%           45%         3
 Ice Form                 Ice/Tmut       3%           86%         4
 Blade Hands              Tmut           2%           98%         5


Dungeon Overview and Level Annotations

Branches:
Dungeon (2/15)

Altars:
Trog

Annotations:
D:2 Terence


Innate Abilities, Weirdness & Mutations

You are resistant to torment.
Your stone body is resilient. (AC +3)
You are immune to poison.
You resist negative energy. (rN+)
You are resistant to electric shocks. (rElec)
You can survive without breathing.
You are immune to petrification.
You are immune to miasma.
You have a pair of horns on your head.
You have razor-sharp toenails.


Message History

Press: ? - help, Q - select action, (/) - cycle Dir - look around, f - activate You grow a pair of large bovine horns.
Your feet morph into talons.
Terence barely misses you.
You now have 5/6 mp.
You closely miss Terence. Your kick misses Terence.
You hit Terence but do no damage. You claw Terence, but do no damage.
Terence hits you but does no damage.
You hit Terence.
Terence is lightly wounded.
Your transformation is almost over.
Terence zaps a wand.
The puff of flame hits you.
You take 6 damage, and have 11/21 hp.
MASSIVE DAMAGE!!
You are too injured to fight recklessly!
It was a potion of attraction.
You feel attractive to monsters. Terence hits you with a +0 trident.
You take 3 damage, and have 8/21 hp.
It was a potion of heal wounds.
You feel much better.
Terence shouts, "Get ready for death!"
Terence zaps a wand.
The puff of flame hits you!
Ouch! That really hurt!
You regained 2 hp, and now have 10/21 hp.
You hit Terence.
Terence is lightly wounded.
Terence hits you with a +0 trident.
* * * LOW HITPOINT WARNING * * *
You take 4 damage, and have 6/21 hp.
You closely miss Terence.
Terence is lightly wounded.
Terence hits you with a +0 trident.
* * * LOW HITPOINT WARNING * * *
You take 4 damage, and have 2/21 hp.
As you read the scroll labelled ROOSCH COSOTRO, it crumbles to dust.
It is a scroll of enchant armour.
Your +0 robe glows green for a moment.
Terence barely misses you.
As you read the scroll labelled GUPHEBB MUAH, it crumbles to dust.
It is a scroll of enchant weapon.
You aren't carrying any weapons that can be enchanted.
Terence zaps a wand.
The puff of flame hits you.
You die...

#####
#######......
#.@..........
#@#####......
##.# ##.##
###..# ##...##
##..#########
##.....#.....#
##............#
#.............#
##
#.............#


You could see Terence.

Vanquished Creatures
  3 dart slugs (D:2)
  2 leopard geckos (D:1)
  3 bats
  4 giant cockroaches
  2 goblins (D:1)
  3 hobgoblins
  2 frilled lizards (D:1)
  3 kobolds
  3 rats (D:1)
25 creatures vanquished.

Notes
Turn   | Place    | Note
-------+----------+-------------------------------------------
     0 | D:1      | jasper the Gargoyle Transmuter began the quest for the Orb.
     0 | D:1      | Reached XP level 1. HP: 12/12 MP: 3/3
   450 | D:1      | Reached XP level 2. HP: 7/16 MP: 5/5
  1415 | D:2      | Reached XP level 3. HP: 21/21 MP: 4/6
  1450 | D:2      | Found a bloodstained altar of Trog.
  1765 | D:2      | Noticed Terence
  1786 | D:2      | Killed from afar by Terence

Illustrated notes

Levels and vault maps discovered:
D:1:      minmay_arrival_statue_studded, layout_basic, minmay_misc_feat_roman
D:2:      layout_rooms, bloody_trog, uniq_crazy_yiuf_cottage, uniq_terence,
          uniq_sigmund

Skill      XL: |  1  2  3 |
---------------+----------+-----
Dodging        | 2 |  2.0
Fighting       | |  1.9
Unarmed Combat | |  3.7
Spellcasting   | |  2.0
Transmutations | |  1.5

Action                   || total
-------------------------++-------
Melee: Unarmed           ||   141
       Kick              ||    11
       Headbutt          ||     4
       Punch             ||     1
 Cast: Beastly Appendage ||    11
  Use: Scroll            ||     3
       Potion            ||     2
Armor: Robe              ||    49
Dodge: Dodged            ||   115

Table legend: (Time is in decaauts)
 A = Elapsed time spent in this place.
 B = Non-inter-level travel time spent in this place.
 C = Inter-level travel time spent in this place.
 D = Time resting spent in this place.
 E = Time spent auto-exploring this place.
 F = Levels seen in this place.
 G = Mean time per level.
                   A        B        C        D        E       F      G
               +--------+--------+--------+--------+--------+-----+--------+
         Total |   1775 |   1760 |     15 |    123 |   1369 |   2 |  887.5 |
       Dungeon |   1775 |   1760 |     15 |    123 |   1369 |   2 |  887.5 |
               +--------+--------+--------+--------+--------+-----+--------+

Top non-repeatable levels by time:
     D:1: 1357 daAuts
     D:2: 417 daAuts
